 Dungeon Crawl Stone Soup version 0.31-a0-233-g139696dc86 (webtiles) character file.

Game seed: 5584283126777785489

14 qw the Shooter (level 2, 0/23 HPs)
             Began as a Minotaur Hexslinger on July 8, 2023.
             Slain by a kobold
             ... wielding a +0 club
              (2 damage)
             ... on level 1 of the Dungeon.
             The game lasted 00:00:06 (135 turns).

qw the Shooter (Minotaur Hexslinger)                 Turns: 135, Time: 00:00:06

Health: 0/23       AC:  2    Str: 12    XL:     2   Next: 27%
Magic:  2/2        EV: 12    Int: 10    God:
Gold:   8          SH:  0    Dex: 12    Spells: 2/3 levels left

rFire   . . .        a - +1 sling
rCold   . . .        (no shield)
rNeg    . . .        c - +0 robe
rPois   .            (helmet restricted)
rElec   .            (no cloak)
rCorr   .            (no gloves)
SInv    .            (no boots)
Will    .....        (no amulet)
Stlth   +            (no ring)
HPRegen 0.23/turn    (no ring)
MPRegen 0.08/turn

%: no passive effects
@: no status effects
A: horns 2, retaliatory headbutt
a: no special abilities


You were on level 1 of the Dungeon.
You visited 1 branch of the dungeon, and saw 1 of its levels.

You collected 8 gold pieces.


Innate Abilities, Weirdness & Mutations

You have a pair of horns on your head.
You reflexively headbutt those who attack you in melee.


   Skills:
 + Level 1.6 Fighting
 - Level 3.1 Ranged Weapons
 - Level 2.1 Dodging
 - Level 1.0 Spellcasting
 - Level 2.0 Hexes


You had 2 spell levels left.
You knew the following spells:

 Your Spells              Type           Power      Damage    Failure   Level
a - Slow                  Hex            16%        N/A       16%         1

Your spell library contained the following spells:

 Spells                   Type           Power      Damage    Failure   Level
 Inner Flame              Hex/Fire       2%         N/A       56%         3
 Portal Projectile        Hex/Tloc       4%         N/A       56%         3
 Cause Fear               Hex            2%         N/A       83%         4

Inventory:

Hand Weapons
 a - a +1 sling (weapon)
Armour
 c - a +0 robe (worn)
Jewellery
 e - a ring of fire
Scrolls
 b - a scroll of poison
 d - a scroll of immolation {unknown}
Potions
 f - 2 potions of heal wounds {unknown}

Dungeon Overview and Level Annotations

Branches:
Dungeon (1/15)

Altars:


Message History

The jackal bites you but does no damage.
The jackal bites you. The jackal completely misses you.
The kobold closely misses you. The rat closely misses you.
The jackal closely misses you.
You shoot a sling bullet.
The sling bullet closely misses the jackal.
The sling bullet misses the frilled lizard.
The jackal closely misses you. The jackal barely misses you.
You furiously retaliate!
You headbutt the jackal.
You kill the jackal!
The kobold hits you but does no damage. The rat closely misses you.
You furiously retaliate!
You headbutt the rat!
You kill the rat!
The jackal bites you but does no damage.
You shoot a sling bullet.
The sling bullet closely misses the jackal.
The jackal bites you. The quokka closely misses you.
The kobold hits you with a +0 club. The frilled lizard barely misses you.
The jackal closely misses you.
The frilled lizard bites you but does no damage.
The quokka completely misses you. You furiously retaliate!
You headbutt the quokka, but do no damage.
The kobold misses you.
You shoot a sling bullet.
The sling bullet barely misses the jackal.
The jackal closely misses you.
The quokka bites you but does no damage.
The kobold hits you but does no damage. The frilled lizard closely misses you.
You furiously retaliate!
You headbutt the frilled lizard.
You kill the frilled lizard!
The jackal closely misses you.
You shoot a sling bullet. The sling bullet hits the jackal!
You kill the jackal!
The quokka closely misses you. The kobold hits you with a +0 club.
The rat bites you but does no damage.
The quokka bites you but does no damage.
You shoot a sling bullet.
The sling bullet closely misses the quokka.
The kobold hits you with a +0 club.
You die...

..........#
..........#
..........#
..........#
..........
......l..
#>..Kr## #r@%#
##..### .#
##...###.#
#.#..##.#
#.##.##.#
#.##.##.#
#.##..#.#
#.......########
#####...:......##


You could see a quokka, a kobold, a frilled lizard and a rat.

Vanquished Creatures
  A dart slug (D:1)
  A giant cockroach (D:1)
  A hobgoblin (D:1)
  3 jackals (D:1)
  A frilled lizard (D:1)
  5 rats (D:1)
12 creatures vanquished.

Notes
Turn   | Place    | Note
-------+----------+-------------------------------------------
     0 | D:1      | qw the Minotaur Hexslinger began the quest for the Orb.
     0 | D:1      | Reached XP level 1. HP: 16/16 MP: 1/1
     0 | D:1      | 0 ||| qw: Version: 0.3-a-46-gb1f654a
     0 | D:1      | 0 ||| qw: Game counter: 3663
     0 | D:1      | 0 ||| qw: Melee chars always use a shield: true
     0 | D:1      | 0 ||| qw: God list: Okawaru
     0 | D:1      | 0 ||| qw: Allow faded altars: false
     0 | D:1      | 0 ||| qw: Do Orc after clearing Dungeon:15 true
     0 | D:1      | 0 ||| qw: Do second Lair branch before Depths: true
     0 | D:1      | 0 ||| qw: Lair rune preference: random
     0 | D:1      | 0 ||| qw: Goals: Normal
     0 | D:1      | 0 ||| PLANNING D:1-11
    43 | D:1      | 43 ||| FLEEEEING.
   126 | D:1      | Reached skill level 3 in Ranged Weapons
   126 | D:1      | Reached XP level 2. HP: 23/23 MP: 2/2
   130 | D:1      | HP: 5/23 [jackal (3)]
   132 | D:1      | HP: 2/23 [kobold/+0 club (1)]
   135 | D:1      | Slain by a kobold

Levels and vault maps discovered:
D:1:      ncdulo_wetmaze, layout_rooms,
          dreamdust_ecumenical_altar_angels_and_demons

Skill      XL: |  1 |
---------------+----+-----
Ranged Weapons | 3 |  3.1
Fighting       | |  1.6
Dodging        | |  2.1
Spellcasting   | |  1.0
Hexes          | |  2.0

Action                     || total
---------------------------++-------
   Fire: Sling             ||    35
 Armour: Robe              ||    13
  Dodge: Dodged            ||    30

Table legend:
 A = Non-vault XP
 B = Vault XP
 C = Vault XP percentage of total XP
 D = Non-vault monster count
 E = Vault monster count
 F = Vault count percentage of total count
                 A         B        C        D         E       F
            +---------+---------+-------+---------+---------+-------
      Total |      20 |       0 |   0.0 |      12 |       0 |   0.0
            +---------+---------+-------+---------+---------+-------
        D:1 |      20 |       0 |   0.0 |      12 |       0 |   0.0
            +---------+---------+-------+---------+---------+-------
